cohdb
Replays
Latest Replays
All Replays
Popular Replays
Top Player Replays
Match Explorer
How It Works
Community
CoH3 Stats
Reddit
Sign in to upload your games and track your stats! →
Sign in with Steam
Match 41280918
Unlisted
Match 41280918
Overview
Messages
Build Orders
End
Engineer Squad
Construct Weapon Support Center
Selects Special Operations Battlegroup
M1919 Machine Gun Team
M1919 Machine Gun Team
Engineer Squad
Bazooka Squad
Mechanized Support Center
Construct Medical Station
Selects Raiding Flares
Selects SSF Commando Squad
SSF Commando Squad
SSF Commando Squad
Improved M9 Bazooka Rockets
SSF Commando Squad
Selects M29 Weasel with M1 Pack Howitzer
Salvage Crew
Raiding Flares
Selects Mark Vehicle
Construct Tank Depot
Designate Forward Repair Station
Engineer Squad
Selects UNKNOWN (2162291)
Selects Assault Operation
M4A1 Sherman Whizbang
Raiding Flares
M4A1 Sherman Whizbang
Tea Cup
Some_Devil
胡萝卜
zxcv
lattouf
ohmygod321
Deliri0us
BlueSkidrow™
0
0
Comments
sign in to comment!
No comments posted yet!